 Dungeon Crawl Stone Soup version 0.28.0-45-g0d030f2227 (webtiles) character file.

Game seed: 5801455367055254204

23 MisterFreud the Covert (level 2, -2/29 HPs)
             Began as a Gnoll Delver on May 22, 2022.
             Slain by a mummy (13 damage)
             ... in an ossuary.
             The game lasted 00:00:58 (215 turns).

MisterFreud the Covert (Gnoll Delver)                Turns: 215, Time: 00:01:00

Health: -2/29      AC:  3    Str: 11    XL:     2   Next: 95%
Magic:  2/2        EV: 13    Int:  9    God:
Gold:   0          SH:  0    Dex: 13    Spells: 2/2 levels left

rFire   . . .      SeeInvis .   a - +0 short sword
rCold   . . .      Faith    .   (no shield)
rNeg    . . .      Spirit   .   b - +0 leather armour
rPois   .          Reflect  .   (no helmet)
rElec   .          Harm     .   (no cloak)
rCorr   .          Rampage  .   (no gloves)
Will    .....                   (no boots)
Stlth   ++++......              (no amulet)
HPRegen 0.09/turn               (no ring)
MPRegen 0.08/turn               (no ring)

@: no status effects
A: fangs 1, strong nose, distributed training
a: no special abilities


You were in an ossuary.
You visited 1 branch of the dungeon, and saw 3 of its levels.
You also visited: Ossuary.

Inventory:

Hand Weapons
 a - a +0 short sword (weapon)
Armour
 b - a +0 leather armour (worn)
Wands
 g - a wand of digging (3)
Scrolls
 c - a scroll of fog
 e - a scroll of fear
Potions
 f - a potion of haste


   Skills:
 + Level 6.5 Fighting
 + Level 4.5 Short Blades
 + Level 0.5 Long Blades
 + Level 0.5 Axes
 + Level 0.5 Maces & Flails
 + Level 0.5 Polearms
 + Level 0.5 Staves
 + Level 0.5 Slings
 + Level 0.5 Bows
 + Level 0.5 Crossbows
 + Level 0.5 Throwing
 + Level 0.5 Armour
 + Level 4.5 Dodging
 + Level 9.5 Stealth
 + Level 0.5 Shields
 + Level 0.5 Unarmed Combat
 + Level 0.5 Spellcasting
 + Level 0.4 Conjurations
 + Level 0.4 Hexes
 + Level 0.4 Summonings
 + Level 0.4 Necromancy
 + Level 0.4 Translocations
 + Level 0.4 Transmutations
 + Level 0.4 Fire Magic
 + Level 0.4 Ice Magic
 + Level 0.4 Air Magic
 + Level 0.4 Earth Magic
 + Level 0.4 Poison Magic
 + Level 0.7 Invocations
 + Level 0.5 Evocations


You had 2 spell levels left.
You didn't know any spells.
Your spell library contained the following spells:

 Spells                   Type           Power      Damage    Failure   Level
 Beastly Appendage        Tmut           0%         N/A       41%         1
 Wereblood                Tmut           0%         N/A       54%         2
 Spider Form              Tmut/Pois      0%         N/A       78%         3


Dungeon Overview and Level Annotations

Branches:
Dungeon (6/15)             Temple (0/1) D:5         Ossuary (1/1)

Altars:


Innate Abilities, Weirdness & Mutations

You have very sharp teeth.
Your uncanny sense of smell can sniff out nearby items.
Your experience applies equally to all skills.


Message History

There is an open door here.
The helpless human zombie fails to defend itself.
You impale the human zombie!!
The human zombie is severely damaged.
The human zombie barely misses you. The elf zombie hits you!
Unknown command.
The human zombie hits you.
There is an open door here.
You barely miss the human zombie. The human zombie completely misses you.
You hit the human zombie but do no damage.
The human zombie hits you.
You barely miss the human zombie. You hit the human zombie.
The human zombie is lightly damaged.
The human zombie barely misses you.
You hit the human zombie but do no damage.
You bite the human zombie.
The human zombie is lightly damaged.
The human zombie hits you.
You hit the human zombie.
You bite the human zombie, but do no damage.
The human zombie is lightly damaged.
You completely miss the human zombie.
The human zombie is lightly damaged.
The human zombie misses you.
You hit the human zombie.
The human zombie is lightly damaged.
You hit the mummy. You bite the mummy, but do no damage.
The mummy is moderately damaged.
You hit the mummy.
The mummy is heavily damaged.
You hit the mummy.
The mummy is severely damaged.
You barely miss the mummy.
The mummy is severely damaged.
The mummy hits you!
You hit the mummy.
The mummy is almost destroyed.
The mummy hits you!
You die...

#+# #### ###.###
##...## ##.....##
#.....# #.......#
##....Z###...∩...##
#....ZZM@...∩∩∩...+
##....Z###...∩...##
#.....# #.......#
##...## ##.....##
#### ###.### #+#


You could see a mummy, an elf zombie and 3 human zombies.

Vanquished Creatures
  A mummy (D:4)
  An adder (D:4)
  A goblin (D:4)
  2 kobold zombies (D:4)
5 creatures vanquished.

Notes
Turn   | Place    | Note
-------+----------+-------------------------------------------
     0 | D:5      | Reached skill level 9 in Stealth
     0 | D:5      | MisterFreud the Gnoll Delver began the quest for the Orb.
     0 | D:5      | Reached XP level 1. HP: 23/23 MP: 1/1
    76 | D:4      | Reached XP level 2. HP: 19/29 MP: 2/2
    85 | D:4      | Found a sand-covered staircase.
    90 | Ossuary  | Entered an ossuary
   215 | Ossuary  | Slain by a mummy

Illustrated notes

Levels and vault maps discovered:
D:4:      layout_basic, lightli_temple_of_fire, nicolae_ossuary_entry_giza,
          uniq_blork_the_orc
D:5:      layout_loops_ring, hangedman_ru_absence,
          minmay_temple_entry_purple_smoke, cheibrodos_sewer_entry_bend,
          serial_bayou_pond_b
D:6:      layout_cave_pods, serial_shops, shop
Ossuary:  ossuary_minmay_four_chambers

Skill      XL: | |
---------------+-+-----
Stealth        | |  9.5
Fighting       | |  6.5
Short Blades   | |  4.5
Long Blades    | |  0.5
Axes           | |  0.5
Maces & Flails | |  0.5
Polearms       | |  0.5
Staves         | |  0.5
Slings         | |  0.5
Bows           | |  0.5
Crossbows      | |  0.5
Throwing       | |  0.5
Armour         | |  0.5
Dodging        | |  4.5
Shields        | |  0.5
Unarmed Combat | |  0.5
Spellcasting   | |  0.5
Conjurations   | |  0.4
Hexes          | |  0.4
Summonings     | |  0.4
Necromancy     | |  0.4
Translocations | |  0.4
Transmutations | |  0.4
Fire Magic     | |  0.4
Ice Magic      | |  0.4
Air Magic      | |  0.4
Earth Magic    | |  0.4
Poison Magic   | |  0.4
Invocations    | |  0.7
Evocations     | |  0.5

Action                   || total
-------------------------++-------
Melee: Short sword       ||    30
       Bite              ||     3
  Use: Scroll            ||     1
 Stab: Sleeping          ||     3
Armor: Leather armour    ||     4
Dodge: Dodged            ||     9
